[Event "12th Senioren-Cup Tegernsee 2024"]
[Site "Rottach-Egern"]
[Date "2024.04.14"]
[Round "9.7"]
[White "Strobel, Walter"]
[Black "Pollmann, Sascha"]
[Result "1/2-1/2"]
[ECO "B36"]
[WhiteElo "2147"]
[BlackElo "2061"]
[Annotator "NA RC"]
[PlyCount "36"]
[EventDate "2024.04.02"]
[EventType "swiss"]
[EventCountry "GER"]
[SourceTitle "playchess.com"]
[Source "ChessBase"]
[SourceQuality "1"]
[TimeControl "7800+30"]

1. e4 c5 2. Nf3 g6 3. d4 cxd4 4. Nxd4 Nc6 5. c4 Nf6 6. Nc3 d6 7. f3 Nxd4 8. Qxd4 Bg7 9. Be3 O-O 10. Qd2 Be6 11. Rc1 Qa5 12. Nd5 Qxa2 13. Nxe7+ Kh8 14. Be2 Ng8 15. Nxg8 Kxg8 16. Bd4 Bxd4 17. Qxd4 Qa5+ 18. Kf2 Qe5 1/2-1/2

[Event "12th Senioren-Cup Tegernsee 2024"]
[Site "Rottach-Egern"]
[Date "2024.04.14"]
[Round "9.8"]
[White "Haas, Frank-Martin"]
[Black "Wenner, Tobias"]
[Result "0-1"]
[ECO "B14"]
[WhiteElo "2110"]
[BlackElo "2051"]
[Annotator "TA"]
[PlyCount "66"]
[EventDate "2024.04.02"]
[EventType "swiss"]
[EventCountry "GER"]
[SourceTitle "playchess.com"]
[Source "ChessBase"]
[SourceQuality "1"]
[TimeControl "7800+30"]

1. e4 c6 2. d4 d5 3. exd5 cxd5 4. c4 Nf6 5. Nc3 g6 6. cxd5 Nxd5 7. Bc4 Nb6 8. Bb3 Bg7 9. Be3 O-O 10. Nge2 Nc6 11. h4 Na5 {[%emt 0:08:55] Black is slightly better.} 12. Qc1 Nxb3 13. axb3 Nd5 14. Bh6 Nb4 {[%emt 0:02:44] ...Nd3+ would now be deadly.} 15. Kf1 Bf5 (15... Bxh6 $17 16. Qxh6 Kh8) 16. h5 $14 Qb6 17. Bxg7 Kxg7 18. hxg6 Bxg6 19. Qg5 Qf6 {[%emt 0:06:15] Against Nf4} 20. Qh6+ (20. Qxf6+ Kxf6 21. d5 Bd3 $11) 20... Kg8 21. Nf4 Rfd8 22. Ra5 (22. Nxg6 $14 Qxg6 23. Qh4) 22... Nd3 $1 $17 (22... Qxd4 $2 23. Nxg6 hxg6 24. Qh7+ Kf8 25. Rh4 $18) 23. Nce2 (23. Ncd5 $2 Rxd5 (23... Qxd4 24. Nxe7+ Kh8 25. Nfxg6+ fxg6 26. Qxh7#) 24. Rxd5 Nxf4 $19 (24... Qxf4 $2 25. Qxf4 Nxf4 26. Rd7 $19)) (23. Rh4 $17 Qxd4 (23... Nxb2 $2 24. Nxg6 hxg6 25. Nd5 $18) (23... Rxd4 24. Rg5 $17) 24. Nxd3 Qxd3+ 25. Kg1) 23... Qg7 $2 (23... Nxb2 $2 24. Nxg6 hxg6 25. Qd2 $18) (23... Nxf4 $19 24. Qxf4 Qxf4 25. Nxf4 Rxd4) 24. Qh4 $11 Nxf4 (24... Nxb2 $2 25. Rh3 $18 (25. Qxe7 Nd3 $16)) 25. Qxf4 Rac8 26. Rh3 b6 {[%emt 0:03:23] Black is weak on the dark squares} 27. Rxa7 (27. Ra1 $11) 27... e5 $1 $17 28. Qg5 (28. Qxe5 $2 {is the wrong capture.} Qxe5 29. f4 Qe4 $19) (28. Qd2 $17 {is the only way for White.}) 28... exd4 $19 {[%emt 0:00:32] Strongly threatening ...d3.} 29. Rc7 d3 30. Nc3 {[%emt 0:00:04] [#]} Qd4 $40 {[%emt 0:03:37][%mdl 128] White is in trouble.} (30... Ra8 $1 $19 {[%cal Ra8a1] is more deadly. ( -> ...Ra1+)} 31. Ra7 Qd4 32. Rxa8 Rxa8) 31. Nd5 $2 {[%emt 0:01:05][%mdl 8192] [#]} Rxc7 $1 {[%emt 0:10:50] Black is clearly winning.} (31... Rxd5 $2 {loses.} 32. Rxc8+ Kg7 33. Qh6+ Kf6 34. Rf3+ Rf5 35. Rc4 $18 (35. Rc6+ Ke7 $18)) 32. Qxd8+ Kg7 33. Qg5 {[%emt 0:01:23] [#] Against Rc1+} Qxd5 $3 {[%emt 0:01:00][%mdl 512] Weighted Error Value: White=0.70/Black=0.24 (precise) .  Loses game:     	White=1     	---        Missed win:     	---       	Black=1      Mistake:       	White=4     	Black=2      Inaccurate:     	White=2     	Black=2      OK:         	White=11    	Black=9      Best:        	---       	Black=1      Strong:       	---       	Black=3} 0-1

[Event "12th Senioren-Cup Tegernsee 2024"]
[Site "Rottach-Egern"]
[Date "2024.04.14"]
[Round "9.9"]
[White "Scheckenbach, Franz"]
[Black "Heck, Norbert"]
[Result "1/2-1/2"]
[ECO "B28"]
[WhiteElo "2038"]
[BlackElo "2100"]
[Annotator "NA RC"]
[PlyCount "28"]
[EventDate "2024.04.02"]
[EventType "swiss"]
[EventCountry "GER"]
[SourceTitle "playchess.com"]
[Source "ChessBase"]
[SourceQuality "1"]
[TimeControl "7800+30"]

1. e4 c5 2. Nf3 a6 3. d3 Nc6 4. g3 g6 5. Bg2 Bg7 6. O-O d6 7. c3 e5 8. a3 Nge7 9. Be3 O-O 10. b4 b6 11. Qc1 f6 12. d4 c4 13. d5 Nb8 14. a4 f5 1/2-1/2

[Event "12th Senioren-Cup Tegernsee 2024"]
[Site "Rottach-Egern"]
[Date "2024.04.14"]
[Round "9.10"]
[White "Jahn, Constanze"]
[Black "Mertens, Klaus"]
[Result "1/2-1/2"]
[ECO "B07"]
[WhiteElo "2042"]
[BlackElo "2093"]
[Annotator "NA RC"]
[PlyCount "22"]
[EventDate "2024.04.02"]
[EventType "swiss"]
[EventCountry "GER"]
[SourceTitle "playchess.com"]
[Source "ChessBase"]
[SourceQuality "1"]
[TimeControl "7800+30"]

1. e4 d6 2. d4 Nf6 3. Nc3 c6 4. Bg5 Nbd7 5. Qd2 e5 6. Nf3 Be7 7. dxe5 dxe5 8. a4 Qc7 9. Bc4 O-O 10. O-O Nb6 11. Bb3 Bg4 1/2-1/2